 Dungeon Crawl Stone Soup version 0.23-a0-183-gf37f6fb (webtiles) character file.

35 digijack the Skirmisher (level 3, -1/29 HPs)
             Began as a Demonspawn Fighter on Sept 23, 2018.
             Slain by Sigmund
             ... wielding a +0 scythe
              (12 damage)
             ... on level 2 of the Dungeon.
             The game lasted 00:06:15 (902 turns).

digijack the Skirmisher (Demonspawn Fighter)         Turns: 902, Time: 00:06:16

Health: -1/29      AC:  6    Str: 22    XL:     3   Next: 16%
Magic:  3/3        EV:  9    Int:  9    God:
Gold:   79         SH:  4    Dex: 12    Spells: 2/2 levels left

rFire    . . .     SeeInvis .   a - +0 war axe
rCold    . . .     Gourm    .   k - +0 buckler
rNeg     . . .     Faith    .   b - +0 scale mail
rPois    .         Spirit   .   (no helmet)
rElec    .         Reflect  .   (no cloak)
rCorr    .         Harm     .   (no gloves)
MR       .....                  (no boots)
Stlth    ..........             (no amulet)
HPRegen  0.09/turn              (no ring)
MPRegen  0.08/turn              (no ring)

@: mighty
A: claws 1, powered by death 1
a: no special abilities


You were on level 2 of the Dungeon.
You were not hungry.

You visited 1 branch of the dungeon, and saw 2 of its levels.

You collected 79 gold pieces.

Inventory:

Hand Weapons
 a - a +0 war axe (weapon)
Missiles
 l - 56 stones (quivered)
Armour
 b - a +0 scale mail (worn)
 c - a +0 shield
 k - a +0 buckler (worn)
Potions
 e - a potion of flight
 i - a potion of magic {unknown}
 j - a potion of curing {unknown}
 m - a potion of agility {unknown}
Comestibles
 f - 3 rations


   Skills:
 + Level 3.3 Fighting
 + Level 2.2 Axes
 + Level 3.0 Armour
 + Level 3.0 Shields


You had 2 spell levels left.
You didn't know any spells.
Your spell library was empty.

Dungeon Overview and Level Annotations

Branches:
Dungeon (2/15)

Altars:

Annotations:
D:2 Sigmund


Innate Abilities, Weirdness & Mutations

You have sharp fingernails.
You regenerate a little health from kills.


Message History

The puff of flame misses you. Something hits you!
You bump into the rock wall.
You bump into the rock wall.
You feel less confused. Something hits you but does no damage.
You completely miss something. Something hits you but does no damage.
It was a potion of ambrosia.
You are confused.
You feel invigorated. Something hits you!
You bump into the rock wall.
You miss something. Something hits you.
You bump into the rock wall.
Something hits you!
You bump into the rock wall.
Something hits you!
* * * LOW HITPOINT WARNING * * *
You feel very mighty all of a sudden.
You feel less invigorated.
You feel less confused.
You miss something. Something hits you!
You die...

#. # #. #.#.. .....#####
.........# .. .......).#
.?..
.........##########.....
......#<........@{......
..###......).....#......
. ##..........## ...(.
##...........>#....
#..........### ...
#.........## ..
####.##.#... #
.......%... .......####


There were no monsters in sight!

Vanquished Creatures
  2 dart slugs (D:1)
  2 leopard geckos (D:1)
  2 giant cockroaches (D:1)
  8 goblins
  3 hobgoblins (D:1)
  A bat (D:1)
  2 frilled lizards (D:1)
  2 kobolds (D:1)
  4 rats (D:1)
26 creatures vanquished.

Notes
Turn   | Place    | Note
-------+----------+-------------------------------------------
     0 | D:1      | digijack the Demonspawn Fighter began the quest for the
                  | Orb.
     0 | D:1      | Reached XP level 1. HP: 18/18 MP: 1/1
    45 | D:1      | Gained mutation: You regenerate a little health from kills.
                  | [demonic ancestry]
    45 | D:1      | Reached XP level 2. HP: 24/24 MP: 2/2
   315 | D:1      | Gained mutation: You have sharp fingernails. [demonic
                  | ancestry]
   315 | D:1      | Reached XP level 3. HP: 23/29 MP: 3/3
   566 | D:2      | Noticed Sigmund
   902 | D:2      | Slain by Sigmund

Vault maps used:
D:1:      nzn_arrival_crosshair
D:2:      lemuel_coloured_pillars_altar, lemuel_round_altar, first_ration,
          serial_bayou_crossing, uniq_sigmund, uniq_terence

Skill      XL: |  1  2 |
---------------+-------+-----
Axes           | 2 |  2.2
Armour         | 3 |  3.0
Shields        | 3 |  3.0
Fighting       | |  3.3

Action                   || total
-------------------------++-------
Melee: War axe           ||    58
Throw: Stone             ||     4
  Use: Scroll            ||     3
       Potion            ||     2
Armor: Scale mail        ||    19
Dodge: Dodged            ||    17
Block: Shield            ||    10
       Buckler           ||     6

Table legend:
 A = Non-vault XP
 B = Vault XP
 C = Vault XP percentage of total XP
 D = Non-vault monster count
 E = Vault monster count
 F = Vault count percentage of total count
                 A         B        C        D         E       F
            +---------+---------+-------+---------+---------+-------
      Total |      50 |       0 |   0.0 |      26 |       0 |   0.0
            +---------+---------+-------+---------+---------+-------
        D:1 |      44 |       0 |   0.0 |      23 |       0 |   0.0
        D:2 |       6 |       0 |   0.0 |       3 |       0 |   0.0
            +---------+---------+-------+---------+---------+-------
